 Dungeon Sprint DCSS version 0.21.1-1-g345015f (webtiles) character file.

3948 Fang the Severer (level 10, -24/157 HPs)
             Began as a Minotaur Berserker on June 8, 2018.
             Was the Champion of Trog.
             Annihilated by Desmuow the pandemonium lord (27 damage)
             ... in the Dungeon (Sprint VII: "The Pits").
             The game lasted 00:03:32 (1520 turns).

Fang the Severer (Minotaur Berserker)               Turns: 1520, Time: 00:03:33

Health: -24/157    AC: 11    Str: 31    XL:     10   Next: 2%
Magic:  0/3        EV: 14    Int:  4    God:    Trog [******]
Gold:   0          SH:  0    Dex:  9    Spells: 9/9 levels left

rFire    . . .     SeeInvis .   b - +3 battleaxe (antimagic)
rCold    . . .     Gourm    .   (shield currently unavailable)
rNeg     . . .     Faith    .   n - +3 scale mail
rPois    .         Spirit   .   (helmet restricted)
rElec    .         Reflect  .   (no cloak)
rCorr    .         Harm     .   (no gloves)
MR       .....     NoTele   +   (no boots)
Stlth    ..........             (no amulet)
HPRegen  0.36/turn              (no ring)
MPRegen  0.08/turn              (no ring)

@: berserking (expiring), very quick
A: retaliatory headbutt, horns 2
a: Berserk, Trog's Hand, Brothers in Arms, Burn Spellbooks, Renounce Religion


You were in the Dungeon.
You worshipped Trog.
Trog was exalted by your worship.
You were hungry.

You visited 1 branch

Inventory:

Hand Weapons
 a - a +0 hand axe of freezing
 b - a +3 antimagic battleaxe (weapon)
 j - a +2 hand axe
 q - a +5 executioner's axe of flaming
 u - a +1 broad axe of flaming
 v - a +1 war axe of draining
Missiles
 p - 8 steel javelins (quivered)
Armour
 n - a +3 scale mail (worn)
Jewellery
 r - a +3 ring of protection
 s - a +3 ring of dexterity
Scrolls
 i - a scroll of blinking
 l - 3 scrolls of remove curse
 m - a scroll of summoning
Potions
 d - 11 potions of curing
 e - 8 potions of heal wounds
 f - a potion of haste
 g - 4 potions of magic
 h - 6 potions of berserk rage
 k - 2 potions of invisibility
 t - a potion of resistance
Comestibles
 c - 8 rations


   Skills:
 + Level 15.2 Fighting
 + Level 17.5 Axes
 + Level 10.0 Armour
 + Level 8.7 Dodging
 + Level 3.7 Stealth


You had 9 spell levels left.
You didn't know any spells.

Dungeon Overview and Level Annotations

Branches:
Dungeon (1/1)

Altars:
Ashenzari
Cheibriados
Dithmenos
Elyvilon
Fedhas
Gozag
Hepliaklqana
Kikubaaqudgha
Makhleb
Nemelex Xobeh
Okawaru
Qazlal
Ru
Sif Muna
Trog
Uskayaw
Vehumet
Wu Jian
Xom
Yredelemnul
Zin
The Shining One
Beogh
Jiyva
Lugonu


Innate Abilities, Weirdness & Mutations

You reflexively headbutt those who attack you in melee.
You have a pair of horns on your head.


Message History

Desmuow is moderately wounded.
You slice Desmuow!!
Desmuow's magic leaks into the air.
Desmuow is moderately wounded.
Desmuow sneers, "Thy will shall be my repast!"
Desmuow hits you but does no damage.
You cut Desmuow into ribbons!!!
Desmuow's magic leaks into the air.
Desmuow is severely wounded.
Desmuow hits you.
* * * LOW HITPOINT WARNING * * *
You miss Desmuow.
Desmuow is severely wounded.
Desmuow hits you!!
* * * LOW HITPOINT WARNING * * *
You completely miss Desmuow. Your headbutt misses Desmuow.
Desmuow is severely wounded.
Desmuow falters for a moment.
You completely miss Desmuow. Your headbutt misses Desmuow.
Desmuow is heavily wounded.
Desmuow hits you!!
You die...

#+# #.# #&#
################@#
...............).#
.................#
+##############..#
#..# #..# #..#
#..# #..#


You could see Desmuow.

Vanquished Creatures
  An alligator snapping turtle (D)
  A phantasmal warrior (D)
  A molten gargoyle (D)
  A komodo dragon (D)
  A hellwing (D)
  A freezing wraith (D)
  A polar bear (D)
  A troll (D)
  Prince Ribbit (D)
  A wandering mushroom (D)
  A ynoxinul (D)
  4 vampire mosquitoes (D)
  A floating eye (D)
  An eye of draining (D)
  A quasit (D)
  2 orc priests (D)
  An iguana (D)
  A worker ant (D)
  A hell rat (D)
  A gnoll (D)
  A river rat (D)
  A white imp (D)
  An ufetubus (D)
  An ooze (D)
  A leopard gecko (D)
  4 orcs (D)
  A bat zombie (D)
  A giant cockroach (D)
  A goblin (D)
  6 jackals (D)
  3 bats (D)
  A kobold (D)
46 creatures vanquished.

Notes
Turn   | Place    | Note
-------+----------+-------------------------------------------
     0 | D        | Fang the Minotaur Berserker began the quest for the Orb.
     0 | D        | Reached XP level 1. HP: 19/19 MP: 0/0
    14 | D        | Reached skill level 4 in Axes
    23 | D        | Found a bloodstained altar of Trog.
    23 | D        | Found a deep blue altar of Sif Muna.
    23 | D        | Found a viscous altar of Jiyva.
    23 | D        | Found a hazy altar of Hepliaklqana.
    23 | D        | Found an opulent altar of Gozag.
    24 | D        | Found a glowing golden altar of the Shining One.
    24 | D        | Found a glowing silver altar of Zin.
    24 | D        | Found a basalt altar of Yredelemnul.
    24 | D        | Found a shimmering altar of Xom.
    24 | D        | Found an ornate altar of the Wu Jian Council.
    24 | D        | Found a sacrificial altar of Ru.
    24 | D        | Found a stormy altar of Qazlal.
    24 | D        | Found an iron altar of Okawaru.
    24 | D        | Found a sparkling altar of Nemelex Xobeh.
    24 | D        | Found a burning altar of Makhleb.
    24 | D        | Found a blossoming altar of Fedhas.
    24 | D        | Found a white marble altar of Elyvilon.
    24 | D        | Found a shadowy altar of Dithmenos.
    24 | D        | Found a snail-covered altar of Cheibriados.
    27 | D        | Found a corrupted altar of Lugonu.
    27 | D        | Found a radiant altar of Vehumet.
    27 | D        | Found a roughly hewn altar of Beogh.
    88 | D        | Reached XP level 2. HP: 28/28 MP: 1/1
    89 | D        | Reached ** piety under Trog
    89 | D        | Reached skill level 5 in Fighting
    89 | D        | Reached skill level 5 in Axes
   313 | D        | Noticed a floating eye
   317 | D        | Killed a floating eye
   317 | D        | Reached *** piety under Trog
   317 | D        | Reached skill level 7 in Axes
   317 | D        | Reached XP level 3. HP: 40/40 MP: 2/2
   317 | D        | Reached XP level 4. HP: 48/48 MP: 3/3
   320 | D        | Reached skill level 8 in Axes
   320 | D        | Reached XP level 5. HP: 56/56 MP: 4/4
   457 | D        | Reached **** piety under Trog
   463 | D        | Noticed Prince Ribbit
   466 | D        | Reached ***** piety under Trog
   466 | D        | Reached skill level 9 in Axes
   466 | D        | Reached skill level 5 in Armour
   466 | D        | Reached skill level 5 in Dodging
   470 | D        | Received a gift from Trog
   475 | D        | Received a gift from Trog
   476 | D        | Killed Prince Ribbit
   476 | D        | Reached skill level 11 in Axes
   476 | D        | Reached skill level 1 in Stealth
   476 | D        | Reached XP level 6. HP: 68/68 MP: 5/5
   638 | D        | Noticed a freezing wraith
   647 | D        | Killed a freezing wraith
   647 | D        | Reached skill level 12 in Axes
   647 | D        | Reached XP level 7. HP: 36/75 MP: 2/6
   883 | D        | Noticed a molten gargoyle
   883 | D        | Noticed a polar bear
   888 | D        | Reached ****** piety under Trog
   888 | D        | Received a gift from Trog
   889 | D        | Killed a molten gargoyle
   889 | D        | Reached skill level 13 in Axes
   889 | D        | Reached XP level 8. HP: 85/85 MP: 2/7
   891 | D        | Killed a polar bear
  1030 | D        | Found a hide-covered altar of Uskayaw.
  1030 | D        | Found an ancient bone altar of Kikubaaqudgha.
  1030 | D        | Found a shattered altar of Ashenzari.
  1058 | D        | Noticed a jumping spider
  1070 | D        | Reached skill level 14 in Axes
  1076 | D        | Received a gift from Trog
  1076 | D        | Reached skill level 15 in Axes
  1119 | D        | Noticed a komodo dragon
  1119 | D        | Noticed a troll
  1124 | D        | Killed a troll
  1124 | D        | Reached XP level 9. HP: 94/94 MP: 8/8
  1125 | D        | Killed a komodo dragon
  1212 | D        | Noticed a wandering mushroom
  1217 | D        | Reached skill level 16 in Axes
  1251 | D        | Noticed an alligator snapping turtle
  1264 | D        | Killed an alligator snapping turtle
  1264 | D        | Reached skill level 17 in Axes
  1275 | D        | Noticed a phantasmal warrior
  1275 | D        | Noticed a hellwing
  1286 | D        | Killed a hellwing
  1286 | D        | Received a gift from Trog
  1287 | D        | Killed a phantasmal warrior
  1287 | D        | Reached skill level 15 in Fighting
  1287 | D        | Reached skill level 10 in Armour
  1287 | D        | Reached XP level 10. HP: 69/105 MP: 6/9
  1507 | D        | Noticed Desmuow the pandemonium lord
  1518 | D        | HP: 3/157 [Desmuow the pandemonium lord (33)]
  1520 | D        | Annihilated by Desmuow the pandemonium lord

Skill      XL: |  1  2  3  4  5  6  7  8  9 |
---------------+----------------------------+-----
Fighting       | 4 8 11 12 13 15 | 15.2
Axes           | 4 7 8 11 12 13 15 17 | 17.5
Armour         | 4 6 7 8 10 | 10.0
Dodging        | 4 6 7 8 |  8.7
Stealth        | 1 2 3 |  3.7

Action                   |  1- 3 |  4- 6 |  7- 9 | 10-12 || total
-------------------------+-------+-------+-------+-------++-------
Melee: Hand axe          |    12 |    23 |       |       ||    35
       Headbutt          |     2 |     5 |    15 |       ||    22
       Battleaxe         |       |    10 |    10 |    10 ||    30
       Executioner's axe |       |       |     6 |       ||     6
       War axe           |       |       |    29 |       ||    29
Invok: Berserk           |     2 |     2 |     4 |     1 ||     9
  Eat: Chunk             |       |     2 |     4 |       ||     6
       Ration            |       |       |       |     1 ||     1
Armor: Animal skin       |     5 |       |       |       ||     5
       Scale mail        |       |    13 |    15 |     1 ||    29
Dodge: Dodged            |     9 |    15 |    28 |     1 ||    53
